 Dungeon Crawl Stone Soup version 0.22.1-2-g9c5b331 (webtiles) character file.

37 lysyklops the Ruffian (level 3, 0/29 HPs)
             Began as a Draconian Transmuter on Dec 17, 2018.
             Succumbed to an adder's poison
             ... on level 2 of the Dungeon.
             The game lasted 00:01:20 (610 turns).

lysyklops the Ruffian (Draconian Transmuter)         Turns: 610, Time: 00:01:21

Health: 0/29       AC:  8    Str: 13    XL:     3   Next: 21%
Magic:  2/6        EV: 12    Int: 13    God:
Gold:   14         SH:  0    Dex: 11    Spells: 5/6 levels left

rFire    . . .     SeeInvis .     - Unarmed
rCold    . . .     Gourm    .   (no shield)
rNeg     . . .     Faith    .   (armour unavailable)
rPois    .         Spirit   .   (helmet restricted)
rElec    .         Reflect  .   (no cloak)
rCorr    .         Harm     .   h - +2 pair of gloves
MR       .....                  (boots currently unavailable)
Stlth    +.........             (no amulet)
HPRegen  0.09/turn              (no ring)
MPRegen  0.10/turn              (no ring)

@: lethally poisoned (0 -> -5), appendage, very slightly contaminated
A: unfitting armour, talons 3, cold-blooded, AC +5
a: End Transformation


You were on level 2 of the Dungeon.
You were not hungry.
You had grown temporary talons.
You visited 1 branch of the dungeon, and saw 2 of its levels.

You collected 14 gold pieces.

Inventory:

Missiles
 a - 37 arrows
Armour
 h - a +2 pair of gloves (worn)
Jewellery
 d - an uncursed ring of poison resistance {unknown}
 f - a +1 ring of evasion {unknown}
Scrolls
 b - 2 scrolls of identify {unknown}
 e - a scroll of remove curse {unknown}
Potions
 g - a potion of resistance {unknown}
 i - 2 potions of curing {unknown}
Comestibles
 c - a ration


   Skills:
 + Level 1.8 Fighting
 + Level 2.2 Dodging
 + Level 3.2 Unarmed Combat
 + Level 2.3 Spellcasting
 + Level 2.4 Transmutations


You had 5 spell levels left.
You knew the following spells:

 Your Spells              Type           Power        Failure   Level  Hunger
a - Beastly Appendage     Tmut           #.....       10%         1    #......

Your spell library contained the following spells:

 Spells                   Type           Power        Failure   Level  Hunger
 Sticks to Snakes         Tmut           #.......     14%         2    ###....
 Spider Form              Tmut/Pois      #.........   41%         3    ###....
 Ice Form                 Ice/Tmut       #.......     83%         4    #####..
 Blade Hands              Tmut           #.........   95%         5    ######.


Dungeon Overview and Level Annotations

Branches:
Dungeon (2/15)

Altars:


Innate Abilities, Weirdness & Mutations

Your plain brown scales are hard. (AC +5)
You cannot fit into any form of body armour.
You are cold-blooded and may be slowed by cold attacks.
You have claws for feet.


Message History

* * * LOW HITPOINT WARNING * * *
You feel sick. The giant cockroach closely misses you.
Casting: Beastly Appendage (safe; 10% risk of failure)
Confirm with . or Enter, or press ? or * to list all spells.
Your feet morph into talons.
The giant cockroach closely misses you. The giant cockroach barely misses you.
* * * LOW HITPOINT WARNING * * *
You feel sick.
The giant cockroach bites you but does no damage.
You hit the giant cockroach.
You kill the giant cockroach!
The adder bites you.
* * * LOW HITPOINT WARNING * * *
You hit the adder.
You kill the adder!
You have reached level 3!
Your experience leads to an increase in your attributes!
Increase (S)trength, (I)ntelligence, or (D)exterity?
You feel stronger.
Your scales feel tougher.
You die...

≈≈≈≈≈≈≈≈≈# ............#
≈≈≈≈≈≈≈≈≈# #........ .#
.8≈≈≈≈≈≈≈#####...... ..#
♣.......K'.#......# ....
♣...?.(..'.#.#...<# .....
.8≈≈≈≈≈≈≈#Ks......#......
≈≈≈≈≈≈≈≈≈#l#.....)..#
≈≈≈≈≈≈≈≈≈#.#........#
≈≈≈≈≈≈≈≈##@#.#..###.#
≈≈≈≈≈≈≈###.#.#..# ...
≈≈≈≈≈≈# #.#.#..# ####
≈≈≈≈≈# #.#.#..# #.#..###
#.##. #.. . ###


You could see a giant cockroach, a kobold and a frilled lizard.

Vanquished Creatures
  2 adders (D:2)
  2 bats (D:1)
  A giant cockroach (D:2)
  5 goblins
  2 jackals (D:1)
  A ball python (D:1)
  A frilled lizard (D:1)
  2 kobolds (D:1)
  3 rats
19 creatures vanquished.

Notes
Turn   | Place    | Note
-------+----------+-------------------------------------------
     0 | D:1      | lysyklops the Draconian Transmuter began the quest for the
                  | Orb.
     0 | D:1      | Reached XP level 1. HP: 16/16 MP: 3/3
   223 | D:1      | Reached XP level 2. HP: 18/23 MP: 3/5
   609 | D:2      | HP: 1/24 [adder (1)]
   610 | D:2      | Reached XP level 3. HP: 1/29 MP: 2/6
   610 | D:2      | Succumbed to an adder's poison

Skill      XL: |  1  2 |
---------------+-------+-----
Dodging        | 2 |  2.2
Fighting       | |  1.8
Unarmed Combat | |  3.2
Spellcasting   | |  2.3
Transmutations | |  2.4

Action                   || total
-------------------------++-------
Melee: Unarmed           ||    66
       Tailslap          ||     4
       Punch             ||     1
       Kick              ||     2
       Headbutt          ||     2
 Cast: Beastly Appendage ||     7
Armor: Skin              ||    29
Dodge: Dodged            ||    55
